 Dungeon Crawl Stone Soup version 0.29.1-1-gd02db6906a (webtiles) character file.

Game seed: 13119458759341423528

26 gzilladon the Chopper (level 3, -1/34 HPs)
             Began as a Hill Orc Monk on Sept 27, 2022.
             Slain by a gnoll bouda
             ... wielding a +0 club
              (6 damage)
             ... on level 1 of the Dungeon.
             The game lasted 00:03:02 (1335 turns).

gzilladon the Chopper (Hill Orc Monk)               Turns: 1335, Time: 00:03:02

Health: -1/34      AC:  2    Str: 15    XL:     3   Next: 8%
Magic:  3/3        EV: 12    Int: 10    God:
Gold:   32         SH:  0    Dex: 13    Spells: 2/2 levels left

rFire   . . .      SeeInvis .   a - +0 hand axe
rCold   . . .      Faith    .   (no shield)
rNeg    . . .      Spirit   .   b - +0 robe
rPois   .          Reflect  .   (no helmet)
rElec   .          Harm     .   (no cloak)
rCorr   .          Rampage  .   (no gloves)
Will    .....                   (no boots)
Stlth   ++........              (no amulet)
HPRegen 0.11/turn               (no ring)
MPRegen 0.08/turn               (no ring)

@: weakened
A: no striking features
a: no special abilities


You were on level 1 of the Dungeon.
You visited 1 branch of the dungeon, and saw 2 of its levels.

You collected 32 gold pieces.

Inventory:

Hand Weapons
 a - a +0 hand axe (weapon)
Missiles
 d - 11 stones (quivered)
 f - 2 poisoned darts
Armour
 b - a +0 robe (worn)
Scrolls
 h - a scroll of poison {unknown}
Potions
 c - a potion of ambrosia
 e - a potion of magic {unknown}
 g - a potion of cancellation {unknown}
 i - a potion of haste {unknown}


   Skills:
 * Level 4.3 Fighting
 + Level 4.5 Axes
 + Level 2.6 Dodging
 - Level 1.5 Stealth


You had 2 spell levels left.
You didn't know any spells.
Your spell library was empty.

Dungeon Overview and Level Annotations

Branches:
Dungeon (2/15)

Altars:

Shops:
D:1 (


Message History

You barely miss the gnoll.
The gnoll is heavily wounded.
The gnoll closely misses you.
You hit the gnoll but do no damage.
The gnoll is heavily wounded.
The gnoll closely misses you.
You slash the gnoll!
You kill the gnoll!
You have reached level 3!
Your experience leads to an increase in your attributes!
Increase (S)trength, (I)ntelligence, or (D)exterity?
You feel stronger. x2
You start resting.
HP restored.
You climb downwards.
The gnoll bouda barks out a call to the hunt!
The gnolls pick up the pace!
There is a stone staircase leading up here.
The gnoll bouda hits you with a +0 club.
You climb upwards.
There is a stone staircase leading down, spattered with blood here.
You barely miss the gnoll bouda.
The gnoll bouda hits you with a +0 club.
You hit the gnoll bouda.
The gnoll bouda is lightly wounded.
The gnoll bouda gazes fiercely through you!
You feel your attacks grow feeble.
The gnoll bouda hits you with a +0 club!
You closely miss the gnoll bouda.
The gnoll bouda is lightly wounded.
The gnoll bouda hits you with a +0 club!
* * * LOW HITPOINT WARNING * * *
You closely miss the gnoll bouda.
The gnoll bouda is lightly wounded.
The gnoll bouda hits you with a +0 club.
* * * LOW HITPOINT WARNING * * *
You closely miss the gnoll bouda.
The gnoll bouda is lightly wounded.
The gnoll bouda hits you with a +0 club.
You die...

####..###..........#
#........#.###..##
#........#.# #..#
#........#.# #..#
#........#.# #..#
#........#.###..#
#...............#
#.#####.##.##g..#
#.#####.##.##)@.#
#.......##.######
#.#####.##.#
#.########.#
#..........#
############


You could see a gnoll bouda.

Vanquished Creatures
  A gnoll (D:1)
  2 endoplasms
  2 goblins (D:1)
  2 hobgoblins (D:1)
  5 ball pythons (D:1)
  3 bats (D:1)
  A kobold (D:1)
  A rat (D:1)
17 creatures vanquished.

Notes
Turn   | Place    | Note
-------+----------+-------------------------------------------
     0 | D:1      | gzilladon the Hill Orc Monk began the quest for the Orb.
     0 | D:1      | Reached XP level 1. HP: 19/19 MP: 1/1
   270 | D:1      | Reached XP level 2. HP: 19/27 MP: 2/2
   984 | D:1      | Found Loqow's Weapon Emporium.
  1052 | D:1      | Reached XP level 3. HP: 3/34 MP: 3/3
  1335 | D:1      | Slain by a gnoll bouda

Illustrated notes

Levels and vault maps discovered:
D:1:      lightli_arrival_boilingwater, layout_basic, serial_shops,
          nicolae_lakefront_shop
D:2:      minmay_chambers_of_ones, layout_loops_ring

Skill      XL: |  1 |
---------------+----+-----
Fighting       | 4 |  4.3
Axes           | |  4.5
Dodging        | |  2.6
Stealth        | |  1.5

Action                   || total
-------------------------++-------
Melee: Hand axe          ||    70
 Stab: Sleeping          ||     1
Armor: Robe              ||    16
Dodge: Dodged            ||    54
